 Dungeon Crawl Stone Soup version 0.25.1-2-g60ff931df9 (webtiles) character file.

Game seed: 5309657571598002252

20562 zaph0d the Destroyer (level 12, -1/90 HPs)
             Began as a Pale Draconian Conjurer on Sept 18, 2020.
             Was a Priest of Hepliaklqana.
             Splashed by a brown ugly thing's acid (8 damage)
             ... on level 13 of the Dungeon on Sept 21, 2020.
             The game lasted 02:34:48 (15868 turns).

zaph0d the Destroyer (Pale Draconian Conjurer)     Turns: 15868, Time: 02:34:51

Health: -1/90      AC:  4    Str: 11    XL:     12   Next: 46%
Magic:  25/25      EV: 15    Int: 20    God:    Hepliaklqana [***...]
Gold:   954        SH:  5    Dex: 12    Spells: 0/30 levels left

rFire    . . .     SeeInvis +   J - +1 demon trident (venom)
rCold    . . .     Gourm    .   (no shield)
rNeg     . . .     Faith    .   (armour unavailable)
rPois    .         Spirit   .   (helmet restricted)
rElec    .         Reflect  +   j - scarf {harm}
rCorr    .         Harm     +   (no gloves)
MR       +....                  (no boots)
Stlth    ++........             n - amulet of reflection
HPRegen  0.65/turn              t - ring of see invisible
MPRegen  0.19/turn              o - ring of protection from magic

@: about to teleport, corroded
A: breathe steam, unfitting armour, reduced essence, regeneration 1,
cold-blooded, MP-powered wands, AC +8
a: Breathe Steam, Recall Ancestor, Ancestor Identity, Transference, Renounce
Religion


You were on level 13 of the Dungeon.
You worshipped Hepliaklqana.
Hepliaklqana was most pleased with you.
You were not hungry.

You visited 2 branches of the dungeon, and saw 15 of its levels.
You also visited: Ice Cave.

You collected 954 gold pieces.

Inventory:

Hand Weapons
 C - a +4 shortbow
 J - a +1 demon trident of venom (weapon)
Missiles
 k - 45 poisoned darts (quivered)
 r - 9 boomerangs
 A - 4 silver boomerangs
 E - 2 silver javelins
 H - 155 arrows
Armour
 j - a scarf of harm (worn)
Magical Staves
 p - an uncursed staff of fire
Jewellery
 c - an uncursed ring of poison resistance
 e - an uncursed ring of resist corrosion
 m - an uncursed ring of ice
 n - an amulet of reflection (around neck)
 o - a ring of protection from magic (right hand)
 t - a ring of see invisible (left hand)
 D - an uncursed ring of magical power
 M - a +6 ring of dexterity
Wands
 h - a wand of paralysis (14)
 l - a wand of acid (12)
 w - a wand of enslavement (8)
 G - a wand of polymorph (5)
 N - a wand of flame (19)
 O - a wand of iceblast (7)
Scrolls
 a - 5 scrolls of magic mapping
 d - a scroll of brand weapon
 f - a scroll of summoning
 i - 5 scrolls of fear
 v - 3 scrolls of teleportation
 y - 3 scrolls of remove curse
 K - a scroll of identify
Potions
 g - a potion of haste
 q - 2 potions of invisibility
 s - 3 potions of berserk rage {unknown}
 u - 2 potions of cancellation
 x - a potion of might
 z - 2 potions of brilliance
 B - a potion of flight
 F - 2 potions of stabbing
 I - a potion of lignification {unknown}
 L - a potion of ambrosia {unknown}
Comestibles
 b - 16 rations


   Skills:
 + Level 7.3 Fighting
   Level 2.8(5.2) Axes
 + Level 6.8(7.1) Polearms
 + Level 6.5 Bows
 + Level 4.3 Throwing
 + Level 5.9 Dodging
 + Level 4.2 Stealth
 + Level 9.9 Spellcasting
 + Level 10.4 Conjurations
 + Level 1.9 Hexes
 + Level 0.8 Air Magic


You couldn't memorise any spells.
You knew the following spells:

 Your Spells              Type           Power        Failure   Level  Hunger
a - Magic Dart            Conj           ####         1%          1    None
b - Searing Ray           Conj           ######       1%          2    None
c - Dazzling Flash        Conj/Hex       ####..       1%          3    None
d - Iskenderun's Mystic   Conj/Tloc      ####....     9%          4    ##.....
e - Fulminant Prism       Conj/Hex       ####......   5%          4    ##.....
f - Shock                 Conj/Air       ####         1%          1    None
g - Static Discharge      Conj/Air       ####....     1%          3    None
h - Swiftness             Chrm/Air       ##......     9%          2    None
i - Tukima's Dance        Hex            ###.....     10%         3    None
j - Airstrike             Air            ##........   45%         4    ##.....
k - Summon Small Mammal   Summ           #...         7%          1    None
l - Apportation           Tloc           #.....       7%          1    None
m - Corona                Hex            ###....      3%          1    None

Your spell library contained the following spells:

 Spells                   Type           Power        Failure   Level  Hunger
 Animate Skeleton         Necr           N/A          7%          1    None
 Ensorcelled Hibernation  Hex/Ice        ##....       7%          2    None
 Confusing Touch          Hex            ###.....     10%         3    None
 Lightning Bolt           Conj/Air       ####......   19%         5    #####..
 Gell's Gravitas          Tloc           #.........   22%         3    None
 Petrify                  Tmut/Erth      #.......     56%         4    ##.....
 Metabolic Englaciation   Hex/Ice        ##........   78%         5    #####..
 Yara's Violent Unravell  Hex/Tmut       ##........   78%         5    #####..


Dungeon Overview and Level Annotations

Branches:
Dungeon (14/15)            Temple (1/1) D:7            Lair (0/6) D:8
    Orc (0/2) D:12          IceCv (visited)
 Vaults: D:13-14

Altars:
Ashenzari
Cheibriados
Dithmenos
Elyvilon
Fedhas
Gozag
Hepliaklqana
Kikubaaqudgha
Makhleb
Nemelex Xobeh
Okawaru
Qazlal
Ru
Sif Muna
Trog
Uskayaw
Vehumet
Wu Jian
Xom
Yredelemnul
Zin
The Shining One

Shops:
D:4 :   D:5 !   D:13 [

Annotations:
D:7 1 runed translucent door


Innate Abilities, Weirdness & Mutations

You can breathe blasts of scalding, opaque steam.
Your pale cyan-grey scales are hard. (AC +8)
You cannot fit into any form of body armour.
You are cold-blooded and may be slowed by cold attacks.
Your life essence is reduced to manifest your ancestor. (-10% HP)
Your natural rate of healing is unusually fast.
You expend magic power (3 MP) to strengthen your wands.


Message History

The brown ugly thing completely misses you.
The centaur warrior shoots an arrow.
You reflect the arrow off an invisible shield around you!
The arrow hits the brown ugly thing!
You climb upwards.
There is a stone staircase leading down here.
You swap places.
Publia misses the brown ugly thing.
The brown ugly thing headbutts Publia.
Publia is splashed with acid.
The acid corrodes Publia!
The brown ugly thing bites you.
* * * LOW HITPOINT WARNING * * *
You are splashed with acid!
* * * LOW HITPOINT WARNING * * *
As you read the scroll of teleportation, it crumbles to dust.
You feel strangely unstable.
Publia barely misses the brown ugly thing.
The brown ugly thing basks in the mutagenic energy from its kin and changes!
The brown ugly thing bites you.
* * * LOW HITPOINT WARNING * * *
The acid corrodes you!
You are splashed with acid!
You die...

#..##.##.#####
#........# ##.##.##.#
#.......# #####.####
#.....#
#########.###.#######
#......l#.#.........#
#.....@u....#.#####.#
#.#.###R#.##...##
#.###
#.#.###u#.#.....#
#....
#.#.....#......##
#####
#.####..#####.##
#.####..# #.#
#.......# #.#
######.## ##+## # #.#
##...## #


You could see the friendly Publia the knight (corroded), 2 ugly things and a
komodo dragon.

Vanquished Creatures
  2 two-headed ogres (D:10)
  An ugly thing (D:13)
  A manticore (D:12)
  2 cyclopes (D:12)
  3 trolls
  3 hornets
  5 polar bears
  2 centaur simulacra (D:13)
  A vampire (D:9)
  A water elemental (D:13)
  A human (D:8)
  13 yaks
  4 hogs (D:8)
  2 wyverns
  A vampire mosquito (D:12)
  A water moccasin (D:12)
  7 ice beasts
  4 orc warriors
  A sky beast (D:6)
  A black bear (D:6)
  3 ogres
  2 necrophages
  4 centaurs (D:12)
  3 wolves
  2 crocodiles
  A big kobold (D:10)
  7 bullfrogs
  11 scorpions
  9 killer bees
  7 wights
  2 howler monkeys
  7 electric eels
  6 crimson imps
  A centaur zombie (D:9)
  4 jellies
  2 bullfrog skeletons
  6 orc priests
  6 hounds
  9 orc wizards
  2 centaur skeletons
  3 iguanas
  10 worker ants
  A killer bee zombie (D:9)
  A bullfrog simulacrum (D:13)
  A hound zombie (D:7)
  6 gnolls
  A howler monkey skeleton (D:8)
  16 adders
  3 shadow imps
  A white imp (D:13)
  An ufetubus (D:13)
  2 adder skeletons
  3 worms
  3 dart slugs (D:1)
  4 leopard geckos
  41 orcs
  8 giant cockroaches
  11 goblins
  3 hobgoblins
  11 jackals
  8 bats
  4 frilled lizards
  A giant cockroach zombie (D:5)
  2 jackal skeletons
  13 kobolds
  10 rats
  A butterfly (D:7)
319 creatures vanquished.

Vanquished Creatures (collateral kills)
  A hell knight (D:12)
  An unseen horror (D:11)
  A gargoyle (D:13)
  A polar bear (IceCv)
  A shadow (D:11)
  A centaur simulacrum (D:13)
  A steam dragon (D:12)
  A basilisk (D:13)
  6 yaks
  A vampire mosquito (D:12)
  4 ice beasts
  A sky beast (D:11)
  2 ogres
  3 orc warriors
  A black bear (D:11)
  2 wolves
  5 centaurs
  2 big kobolds (D:12)
  3 bullfrogs
  A wyvern skeleton (D:13)
  A wight (D:11)
  2 crimson imps
  2 bullfrog zombies
  A wyvern simulacrum (D:13)
  A centaur skeleton (D:10)
  2 orc priests
  2 hounds (D:10)
  3 orc wizards
  2 worker ants
  An adder (D:12)
  11 orcs
  2 quokkas
  2 kobolds (D:10)
71 creatures vanquished.

Vanquished Creatures (others)
  A dancing weapon (D:13)
  2 knights (D:12)
  10 ancestors
13 creatures vanquished.

Grand Total: 403 creatures vanquished

Notes
Turn   | Place    | Note
-------+----------+-------------------------------------------
     0 | D:1      | zaph0d the Draconian Conjurer began the quest for the Orb.
     0 | D:1      | Reached XP level 1. HP: 14/14 MP: 3/3
   200 | D:1      | Reached XP level 2. HP: 20/20 MP: 1/5
   204 | D:1      | Learned a level 2 spell: Searing Ray
   902 | D:1      | Reached XP level 3. HP: 26/26 MP: 2/6
  1289 | D:1      | Found a hide-covered altar of Uskayaw.
  1416 | D:2      | Reached XP level 4. HP: 13/34 MP: 0/8
  1421 | D:2      | Learned a level 3 spell: Dazzling Flash
  1999 | D:2      | Reached skill level 5 in Conjurations
  2053 | D:2      | Found an opulent altar of Gozag.
  2138 | D:2      | Found a faded altar of an unknown god.
  2446 | D:3      | Reached skill level 1 in Polearms
  2446 | D:3      | Reached XP level 5. HP: 36/39 MP: 2/9
  2452 | D:3      | Learned a level 4 spell: Iskenderun's Mystic Blast
  3172 | D:3      | Found a shadowy altar of Dithmenos.
  3403 | D:4      | Found a bloodstained altar of Trog.
  3622 | D:4      | Reached skill level 1 in Fighting
  3728 | D:4      | Reached XP level 6. HP: 29/47 MP: 4/11
  3931 | D:4      | Found Kanoc's Book Shoppe.
  4191 | D:4      | Found a white marble altar of Elyvilon.
  4803 | D:5      | Entered Level 5 of the Dungeon
  4822 | D:5      | Reached skill level 6 in Conjurations
  4876 | D:5      | Your scales start taking on a pale cyan-grey colour.
  4876 | D:5      | Reached XP level 7. HP: 52/52 MP: 10/13
  4901 | D:5      | Learned a level 4 spell: Fulminant Prism
  5132 | D:5      | Noticed a wyvern
  5297 | D:5      | Killed a wyvern
  5359 | D:5      | Reached skill level 1 in Throwing
  5359 | D:5      | Reached skill level 5 in Spellcasting
  5394 | D:5      | Found Gobirgh's Distillery.
  5504 | D:5      | Reached XP level 8. HP: 42/61 MP: 11/15
  5964 | D:6      | Reached skill level 7 in Conjurations
  6513 | D:6      | Gained mutation: Your natural rate of healing is unusually
                  | fast. [potion of mutation]
  6513 | D:6      | Gained mutation: You expend magic power (3 MP) to
                  | strengthen your wands. [potion of mutation]
  7002 | D:7      | Reached XP level 9. HP: 47/70 MP: 11/18
  7126 | D:7      | Found a staircase to the Ecumenical Temple.
  7148 | D:7      | Reached skill level 8 in Conjurations
  7330 | D:7      | Found a runed translucent door.
  7331 | D:7      | Found a runed translucent door.
  7484 | Temple   | Entered the Ecumenical Temple
  7513 | Temple   | Became a worshipper of Hepliaklqana the Forgotten
  8107 | D:8      | Learned a level 1 spell: Shock
  8111 | D:8      | Learned a level 3 spell: Static Discharge
  8114 | D:8      | Learned a level 2 spell: Swiftness
  8162 | D:8      | Found a hide-covered altar of Uskayaw.
  8427 | D:8      | Found a staircase to the Lair.
  8609 | D:8      | Noticed a troll
  8630 | D:8      | Killed a troll
  8722 | D:8      | Identified a scroll of acquirement
  8722 | D:8      | Acquired an uncursed ring of see invisible
  8945 | D:8      | Reached skill level 9 in Conjurations
  9127 | D:8      | Reached XP level 10. HP: 72/72 MP: 18/21
  9379 | D:9      | Learned a level 3 spell: Tukima's Dance
  9935 | D:9      | Reached * piety under Hepliaklqana
 10074 | D:9      | Found a shattered altar of Ashenzari.
 10369 | D:10     | Entered Level 10 of the Dungeon
 10490 | D:10     | Learned a level 4 spell: Airstrike
 10645 | D:10     | Reached skill level 10 in Conjurations
 10772 | D:10     | Reached skill level 1 in Axes
 10937 | D:10     | Found a blossoming altar of Fedhas.
 10976 | D:10     | Noticed a two-headed ogre
 10984 | D:10     | Killed a two-headed ogre
 10984 | D:10     | Reached skill level 5 in Fighting
 11103 | D:10     | Noticed a two-headed ogre
 11117 | D:10     | Killed a two-headed ogre
 11117 | D:10     | Reached skill level 1 in Bows
 11117 | D:10     | Reached skill level 1 in Hexes
 11117 | D:10     | Reached XP level 11. HP: 63/77 MP: 24/24
 11763 | D:11     | Reached skill level 5 in Dodging
 11858 | D:11     | Learned a level 1 spell: Summon Small Mammal
 12032 | D:11     | Reached ** piety under Hepliaklqana
 12033 | D:11     | Remembered your ancestor Publia as a knight
 12114 | D:11     | Noticed an unseen horror
 12126 | D:11     | Killed an unseen horror
 13163 | D:12     | Noticed a hell knight
 13178 | D:12     | Killed a hell knight
 13234 | D:12     | Found a staircase to the Orcish Mines.
 13588 | D:12     | Reached skill level 5 in Bows
 14288 | D:12     | Reached skill level 5 in Polearms
 14310 | D:12     | Learned a level 1 spell: Apportation
 14557 | D:13     | Reached XP level 12. HP: 87/87 MP: 25/25
 14691 | D:13     | Found a frozen archway.
 14730 | IceCv    | Entered an ice cave
 15090 | D:13     | Learned a level 1 spell: Corona
 15460 | D:13     | Found Lurad's Armour Shoppe.
 15460 | D:13     | Reached *** piety under Hepliaklqana
 15551 | D:13     | Found a sparkling altar of Nemelex Xobeh.
 15765 | D:14     | Noticed a centaur warrior
 15868 | D:13     | Splashed by a brown ugly thing's acid

Illustrated notes

Levels and vault maps discovered:
D:1:      dpeg_arrival_water_altar, layout_basic
D:2:      layout_loops_cross, lemuel_round_altar,
          chequers_ecumenical_altar_simple, first_ration
D:3:      layout_basic, marbit_many_paths, serial_bayou_pond_e, feat_on_display
D:4:      layout_gridville, bloody_trog, elyvilon_altar_4, serial_shops,
          kennysheep_mini
D:5:      layout_cave_pools, serial_shops, shop
D:6:      layout_rooms, kennysheep_generic_room_12
D:7:      lemuel_insect_pit, layout_loops_ring, minmay_temple_entry_sparse_star
D:8:      layout_rooms, eat_drink_and_be_merry_uskayaw, erik_lair_island,
          grunt_livestock
D:9:      layout_rooms, ashenzari_conservatory_becter
D:10:     layout_grid_maze, nrook_loot_triangle, mrwooster_statue_mirror,
          fedhas_altar_decomposition
D:11:     layout_basic
D:12:     layout_roguey, david_orc_1_choice, kennysheep_island_fort
D:13:     layout_loops_corners, serial_shops, shop, basic_altar, serial_ice,
          serial_ice_d, serial_ice_b, serial_ice_i, serial_ice_h,
          portal_ice_cave_entry_ice_beasts
D:14:     layout_cross, david_vaults_5, abandoned_shop
Temple:   eino_temple_scatter_basement

Skill      XL: |  1  2  3  4  5  6  7  8  9 10 11 12 |
---------------+-------------------------------------+-----
Dodging        | 2 3 4 5 |  5.9
Conjurations   | 5 6 7 9 10 | 10.4
Stealth        | 2 3 4 |  4.2
Polearms       | 1 2 3 4 5 6 |  6.8
Spellcasting   | 3 4 5 6 7 9 |  9.9
Fighting       | 1 2 3 4 5 6 7 |  7.3
Throwing       | 1 2 3 4 |  4.3
Axes           | 2 |  2.8
Bows           | 1 5 6 |  6.5
Hexes          | 1 |  1.9
Air Magic      | |  0.8

Action                   |  1- 3 |  4- 6 |  7- 9 | 10-12 || total
-------------------------+-------+-------+-------+-------++-------
Melee: Whip              |    11 |       |       |       ||    11
       Club              |     1 |       |       |       ||     1
       Spear             |    13 |    48 |    95 |    11 ||   167
       Tailslap          |     4 |     7 |    11 |    26 ||    48
       Hand axe          |       |       |       |    27 ||    27
       Shortbow          |       |       |       |     3 ||     3
       Demon trident     |       |       |       |   120 ||   120
 Fire: Shortbow          |       |       |       |   129 ||   129
Throw: Dart              |       |     6 |    24 |    33 ||    63
       Boomerang         |       |       |       |     2 ||     2
 Cast: Magic Dart        |    67 |   133 |   226 |   136 ||   562
       Searing Ray       |       |     2 |    13 |    31 ||    46
       Shock             |       |       |    10 |     1 ||    11
       Dazzling Flash    |       |       |     1 |     1 ||     2
       Tukima's Dance    |       |       |       |     8 ||     8
Invok: Ancestor Identity |       |       |     1 |       ||     1
       Recall Ancestor   |       |       |       |     1 ||     1
       Ancestor Life: Kn |       |       |       |     1 ||     1
 Abil: Breathe Steam     |       |       |    13 |    21 ||    34
  Use: Potion            |     2 |     4 |     2 |     5 ||    13
       Scroll            |     4 |    10 |    11 |    17 ||    42
 Stab: Distracted        |       |       |     1 |     3 ||     4
       Invisible         |       |       |       |     1 ||     1
  Eat: Chunk             |     2 |     5 |     7 |    12 ||    26
       Ration            |       |     2 |     2 |     4 ||     8
Armor: Skin              |     8 |    13 |    35 |    52 ||   108
Dodge: Dodged            |    32 |    43 |    82 |   165 ||   322
Block: Other             |       |       |       |    39 ||    39
       Reflection        |       |       |       |     7 ||     7
